 Dungeon Crawl Stone Soup version 0.30-a0-4-ga7cffc901d (webtiles) character file.

Game seed: 2350347670733674913

16 SensoryNuts the Trooper (level 2, 0/24 HPs)
             Began as a Merfolk Fighter on Aug 21, 2022.
             Slain by a kobold
             ... wielding a +0 whip
              (4 damage)
             ... on level 1 of the Dungeon.
             The game lasted 00:00:52 (423 turns).

SensoryNuts the Trooper (Merfolk Fighter)            Turns: 423, Time: 00:00:52

Health: 0/24       AC:  6    Str: 16    XL:     2   Next: 58%
Magic:  2/2        EV:  8    Int:  7    God:
Gold:   17         SH:  4    Dex: 13    Spells: 1/1 levels left

rFire   . . .      SeeInvis .    a - +0 trident
rCold   . . .      Faith    .    c - +0 buckler
rNeg    . . .      Spirit   .    b - +0 scale mail
rPois   .          Reflect  .    (no helmet)
rElec   .          Harm     .    (no cloak)
rCorr   .          Rampage  .    (no gloves)
Will    .....                    (no boots)
Stlth   ..........               (no amulet)
HPRegen 0.08/turn                (no ring)
MPRegen 0.08/turn                (no ring)

@: no status effects
A: (nimble swimmer 2), mertail
a: no special abilities


You were on level 1 of the Dungeon.
You visited 1 branch of the dungeon, and saw 1 of its levels.

You collected 17 gold pieces.

Inventory:

Hand Weapons
 a - a +0 trident (weapon)
Armour
 b - a +0 scale mail (worn)
 c - a +0 buckler (worn)
Scrolls
 e - a scroll of enchant armour {unknown}
 f - 3 scrolls of identify {unknown}
Potions
 d - a potion of might
 g - a potion of cancellation {unknown}


   Skills:
 + Level 3.5 Fighting
 * Level 3.1 Polearms
 + Level 2.4 Armour
 + Level 3.1 Shields


You had one spell level left.
You didn't know any spells.
Your spell library was empty.

Dungeon Overview and Level Annotations

Branches:
Dungeon (1/15)

Altars:


Innate Abilities, Weirdness & Mutations

((You are very nimble when in or above water. (Stealth+, EV+, Speed+++)))
Your lower body shifts to a powerful aquatic tail in water.


Message History

A giant cockroach and a kobold come into view.
Found a scroll labelled MESSI QONU.
The kobold shouts!
There are monsters nearby!
You closely miss the giant cockroach.
The giant cockroach bites you but does no damage.
You closely miss the giant cockroach. The giant cockroach bites you.
The kobold barely misses you. The giant cockroach bites you.
You barely miss the giant cockroach. The kobold hits you with a +0 whip.
You block the giant cockroach's attack. You block the kobold's attack.
You hit the giant cockroach.
The giant cockroach is moderately wounded.
The giant cockroach bites you. The kobold hits you with a +0 whip.
You barely miss the giant cockroach.
The giant cockroach is moderately wounded.
The giant cockroach barely misses you. The kobold closely misses you.
The giant cockroach bites you but does no damage.
You closely miss the giant cockroach.
The giant cockroach is moderately wounded.
The giant cockroach bites you but does no damage.
The kobold barely misses you.
You hit the giant cockroach.
You kill the giant cockroach!
The kobold hits you with a +0 whip. You block the kobold's attack.
You are too injured to fight recklessly!
You are too injured to fight recklessly!
You are too injured to fight recklessly!
A kobold is nearby!
A kobold is nearby!
A kobold is nearby!
You are too injured to fight recklessly!
You are too injured to fight recklessly!
You are too injured to fight recklessly!
Unknown command.
You closely miss the kobold. The kobold hits you with a +0 whip.
* * * LOW HITPOINT WARNING * * *
You closely miss the kobold. The kobold hits you with a +0 whip.
* * * LOW HITPOINT WARNING * * *
You barely miss the kobold. The kobold hits you with a +0 whip.
You die...

...........# #.###.....
######..#..## #.##......
##)....## #.##......
#...#..###.##......
##+###........#....#####
..?...........#####.....
..........###...# #.....
..........# #...........
......†@..# #.....#.....
.......K.!# ###...#.....
..........# #..).....
..........# #.##....
......"...# .......
..........# ..##..
..........# .. ###
########### # #


You could see a kobold.

Vanquished Creatures
  2 endoplasms (D:1)
  2 giant cockroaches (D:1)
  A goblin (D:1)
  A hobgoblin (D:1)
  A ball python (D:1)
  3 bats (D:1)
  2 frilled lizards (D:1)
  3 kobolds (D:1)
  2 rats (D:1)
17 creatures vanquished.

Notes
Turn   | Place    | Note
-------+----------+-------------------------------------------
     0 | D:1      | SensoryNuts the Merfolk Fighter began the quest for the
                  | Orb.
     0 | D:1      | Reached XP level 1. HP: 18/18 MP: 1/1
    89 | D:1      | Reached XP level 2. HP: 24/24 MP: 2/2
    91 | D:1      | Found a faded altar of an unknown god.
   423 | D:1      | Slain by a kobold

Illustrated notes

Levels and vault maps discovered:
D:1:      eino_arrival_tree_alley, layout_basic, ebering_ecumenical_altar_rust

Skill      XL: |  1  2 |
---------------+-------+-----
Polearms       | 3 |  3.1
Fighting       | |  3.5
Armour         | |  2.4
Shields        | |  3.1

Action                   || total
-------------------------++-------
Melee: Trident           ||    54
Armor: Scale mail        ||    20
Dodge: Dodged            ||    17
Block: Buckler           ||     8

Table legend: (Time is in decaauts)
 A = Elapsed time spent in this place.
 B = Non-inter-level travel time spent in this place.
 C = Inter-level travel time spent in this place.
 D = Time resting spent in this place.
 E = Time spent auto-exploring this place.
 F = Levels seen in this place.
 G = Mean time per level.
                   A        B        C        D        E       F      G
               +--------+--------+--------+--------+--------+-----+--------+
         Total |    433 |    433 |      0 |      0 |    330 |   1 |  433.0 |
       Dungeon |    433 |    433 |      0 |      0 |    330 |   1 |  433.0 |
               +--------+--------+--------+--------+--------+-----+--------+

Top non-repeatable levels by time:
     D:1: 433 daAuts
